 Dungeon Crawl Stone Soup version 0.32-a0-656-g3542139ebd (webtiles) character file.

Game seed: 793655259429993732

184 kae the Slasher (level 5, 0/38 HPs)
             Began as a Coglin Gladiator on Mar 8, 2024.
             Was an Initiate of Okawaru.
             Slain by Edmund
             ... wielding a +2 flail of protection
              (10 damage)
             ... on level 4 of the Dungeon.
             The game lasted 00:01:41 (2883 turns).

kae the Slasher (Coglin Gladiator)                  Turns: 2883, Time: 00:01:42

Health: 0/38       AC:  6    Str: 15    XL:     5   Next: 63%
Magic:  5/5        EV: 11    Int:  7    God:    Okawaru [......]
Gold:   118        SH:  0    Dex: 17    Spells: 4/4 levels left

rFire   . . .        a - +0 long sword {Josefina}
rCold   . . .        f - +0 dagger {Ari}
rNeg    . . .        i - +0 ring mail
rPois   .            c - +0 helmet
rElec   .            (no cloak)
rCorr   .            (no gloves)
SInv    .            (no boots)
Will    .....        (amulet unavailable) Stlth
                     (ring unavailable)
HPRegen 0.26/turn    (ring unavailable)
MPRegen 0.09/turn    (no gizmo)

%: no passive effects
@: confused, mighty, ambrosia-drunk, revved
A: off-hand wielding, slow wielding, warmup strikes, no jewellery
a: Invent Gizmo, Renounce Religion


You were on level 4 of the Dungeon.
You worshipped Okawaru.
Okawaru was noncommittal.
You visited 1 branch of the dungeon, and saw 4 of its levels.

You collected 118 gold pieces.


Innate Abilities, Weirdness & Mutations

You can wield a second weapon in your off-hand.
It takes a long time for you to wield or remove held weapons.
Your first few attacks do less damage.
You cannot equip rings or amulets.


   Skills:
 - Level 2.0 Fighting
 + Level 6.1 Long Blades
 - Level 1.7 Throwing
 - Level 2.6 Dodging


You had 4 spell levels left.
You didn't know any spells.
Your spell library contained the following spells:

 Spells                   Type           Power      Damage    Failure   Level
 Slow                     Hex            0%         N/A       67%         1
 Confusing Touch          Hex            0%         N/A       95%         3
 Gell's Gravitas          Tloc           0%         N/A       95%         3
 Sigil of Binding         Hex            0%         N/A       95%         3
 Teleport Other           Tloc           0%         N/A       95%         3
 Vampiric Draining        Necr           0%         2d6       95%         3
 Dispersal                Tloc           0%         N/A       100%        6
 Animate Dead             Necr           Unusable   N/A       N/A         4
 Haunt                    Necr/Summ      Unusable   N/A       N/A         7
 Infestation              Necr           Unusable   N/A       N/A         8

Inventory:

Hand Weapons
 a - a +0 long sword (weapon) {Josefina}
 f - a +0 dagger (offhand) {Ari}
Missiles
 d - 3 throwing nets (quivered) {=f!f}
 e - a javelin
 j - 20 stones
 m - 5 boomerangs
 r - 6 datura-tipped darts
 s - 6 poisoned darts
Armour
 b - a +0 leather armour
 c - a +0 helmet (worn)
 i - a +0 ring mail (worn)
   (You found it on level 1 of the Dungeon)
Jewellery
 E - a +5 ring of evasion
   (You found it on level 4 of the Dungeon)
Wands
 v - a wand of flame (23)
   (You found it on level 3 of the Dungeon)
Scrolls
 h - a scroll of teleportation {@r4}
 l - a scroll of blinking {unknown}
Potions
 g - 2 potions of ambrosia
 k - a potion of might
 q - 2 potions of degeneration {!q}
 t - a potion of brilliance
 u - 2 potions of invisibility

Dungeon Overview and Level Annotations

Branches:
Dungeon (4/15) Zot: 21112
 Temple: D:4-7

Altars:
Okawaru
Qazlal
Sif Muna
Vehumet

Annotations:
D:4 Edmund

.#.# *,** *,*,* .#.# *..#
*,*,* .#.# *#.# *,*,* .#.#
#.# *,*,* .#.# #.# *,*,*
.#.# #.# *,*,**** .#.# #.#
*,*,,,,* .#.#### #@#
*,****,* ......## #@# *,*
*,* .#.#...## #.# *,* *,*
......#.########.#######*,*
*,**
.#.#............†.......,,*
*,,,
....###.########.#######***
**** .###.#.#..........# .#
*#.##.#######.## .# ####.#
### ,* #.#


You could see Edmund.


Message History

Done waiting.
Found a stone staircase leading up.
Unknown command.
You now have 118 gold pieces (gained 7).
Found an escape hatch in the floor.
Found a stone staircase leading up.
A dart slug comes into view.
The dart slug briefly extends its eye-stalks.
A dart slug is nearby!
A dart slug is nearby!
The dart slug closely misses you.
You slash the dart slug with your +0 long sword!
You barely miss the dart slug with your +0 dagger.
The dart slug closely misses you.
You hit the dart slug with your +0 dagger.
You hit the dart slug with your +0 long sword.
You kill the dart slug!
Okawaru accepts your kill.
No target in view!
You see here a dart slug corpse.
You see here a +0 leather armour.
k - 2 black potions No target in view!
No target in view!
l - a scroll labelled SABBECS CEHE A howler monkey comes into view.
The howler monkey howls!
You hear a shout!
A howler monkey is nearby!
A howler monkey is nearby!
You hit the howler monkey with your +0 long sword.
You hit the howler monkey with your +0 dagger.
The howler monkey barely misses you.
You closely miss the howler monkey with your +0 dagger.
You slash the howler monkey with your +0 long sword!
The howler monkey hoots and howls with incredible vigour!
You hear a shout!
You slash the howler monkey with your +0 long sword!
You kill the howler monkey!
Okawaru accepts your kill.
Your Long Blades skill increases to level 6!
You see here a howler monkey corpse.
Edmund throws a boomerang.
The boomerang misses you. Edmund closely misses you.
You hit Edmund but do no damage. You hit Edmund with your +0 long sword.
Edmund hits you with a +2 flail of protection.
You hit Edmund but do no damage. x2; Edmund barely misses you. 😕 HP[-6]
You take 6 damage, and now have 32/38 hp.
You hit Edmund but do no damage. x2; Edmund completely misses you.
You hit Edmund with your +0 long sword. You hit Edmund but do no damage.
Edmund hits you with a +2 flail of protection! 😮 HP[-6]
You take 6 damage, and now have 26/38 hp.
You are too injured to fight recklessly!
You are too injured to fight recklessly!
You are too injured to fight recklessly!
You are too injured to fight recklessly!
You hit Edmund but do no damage. x2
Edmund hits you with a +2 flail of protection. 😮 HP[-6]
You take 6 damage, and now have 20/38 hp.
You hit Edmund but do no damage.
You closely miss Edmund with your +0 dagger.
Edmund hits you with a +2 flail of protection.
* * * LOW HITPOINT WARNING * * *
😨 HP[-4]
You take 4 damage, and now have 16/38 hp.
Unknown command.
You barely miss Edmund with your +0 dagger.
You hit Edmund with your +0 long sword.
Edmund hits you with a +2 flail of protection.
* * * LOW HITPOINT WARNING * * *
😨 HP[-3]
You take 3 damage, and now have 13/38 hp.
You hit Edmund with your +0 long sword. You hit Edmund but do no damage.
Edmund hits you with a +2 flail of protection.
* * * LOW HITPOINT WARNING * * *
😨 HP[-3]
You take 3 damage, and now have 10/38 hp.
Unknown command.
You completely miss Edmund with your +0 dagger.
You closely miss Edmund with your +0 long sword.
Edmund barely misses you.
It was a potion of might.
You feel very mighty all of a sudden.
Edmund hits you with a +2 flail of protection.
* * * LOW HITPOINT WARNING * * *
😱 HP[-4]
You take 4 damage, and now have 6/38 hp.
It was a potion of ambrosia.
You are confused.
You feel invigorated.
Edmund hits you with a +2 flail of protection.
* * * LOW HITPOINT WARNING * * *
😱 HP[+1]
You hit Edmund with your +0 dagger.
You barely miss Edmund with your +0 long sword.
Edmund hits you with a +2 flail of protection!
You die...
Edmund whines, "They better pay attention to me now!"

Skill      XL: |  1  2  3  4  5 |
---------------+----------------+-----
Long Blades    | 4 5 6 |  6.1
Fighting       | |  2.0
Throwing       | |  1.7
Dodging        | |  2.6

Action                     |  1- 3 |  4- 6 || total
---------------------------+-------+-------++-------
  Melee: Long sword        |    86 |    66 ||   152
         Dagger            |    75 |    62 ||   137
    Use: Scroll            |       |     7 ||     7
         Potion            |       |     4 ||     4
 Armour: Leather armour    |    10 |       ||    10
         Ring mail         |    47 |    36 ||    83
         Skin              |       |    19 ||    19
  Dodge: Dodged            |    70 |    30 ||   100

Levels and vault maps discovered:
D:1:      dpeg_arrival_subterranean_lakeside_camping, layout_basic
D:2:      layout_loops_ring, basic_ecumenical_altar, hangedman_decor_opposing,
          kennysheep_generic_room_4
D:3:      layout_loops_ring, grunt_qazlal_clouds, okawaru_gym_becter,
          mainiacjoe_overflow_catwalk_spiral
D:4:      layout_loops_ring, lemuel_tele_altar, uniq_sigmund, uniq_edmund,
          uniq_ijyb

Notes
Turn   | Place    | Note
-------+----------+-------------------------------------------
     0 | D:1      | kae the Coglin Gladiator began the quest for the Orb.
     0 | D:1      | Reached XP level 1. HP: 16/16 MP: 1/1
     0 | D:1      | magus.rc [v1.11.3]
    77 | D:1      | Reached XP level 2. HP: 22/22 MP: 2/2
   693 | D:1      | You pick up a book of Debilitation and begin reading...
   693 | D:1      | You add the spells Slow, Sigil of Binding, Vampiric
                  | Draining and Confusing Touch to your library.
   762 | D:1      | Reached skill level 4 in Long Blades
   770 | D:1      | You fall into a shaft and drop 1 floor!
   817 | D:2      | Reached XP level 3. HP: 27/27 MP: 3/3
  1467 | D:2      | You pick up a book of Death and begin reading...
  1467 | D:2      | You add the spells Animate Dead, Haunt and Infestation to
                  | your library.
  1488 | D:2      | Found a faded altar of an unknown god.
  1736 | D:3      | Found a radiant altar of Vehumet.
  1748 | D:3      | Found a shimmering blue altar of Sif Muna.
  1893 | D:3      | Reached XP level 4. HP: 20/33 MP: 4/4
  1922 | D:3      | Reached skill level 5 in Long Blades
  2036 | D:3      | Found a stormy altar of Qazlal.
  2210 | D:3      | Found an iron altar of Okawaru.
  2221 | D:3      | Became a worshipper of Warmaster Okawaru
  2404 | D:3      | You add the spells Gell's Gravitas, Teleport Other and
                  | Dispersal to your library.
  2511 | D:4      | Reached XP level 5. HP: 35/38 MP: 5/5
  2517 | D:4      | HP: 5/38 [orc wizard/puff of flame (12)]
  2523 | D:4      | HP: 7/57 [orc/+0 hand axe (5)]
  2531 | D:4      | HP: 7/57 [orc/+0 hand axe (2)]
  2556 | D:4      | Noticed Edmund
  2868 | D:4      | Reached skill level 6 in Long Blades
  2881 | D:4      | HP: 6/38 [Edmund/+2 flail of protection (4)]
  2883 | D:4      | Slain by Edmund

Vanquished Creatures
  A howler monkey (D:4)
  A bombardier beetle (D:3)
  An orc wizard (D:4)
  2 adders
  A dart slug (D:4)
  A ribbon worm (D:3)
  3 orcs (D:4)
  5 endoplasms
  4 giant cockroaches
  5 goblins
  6 hobgoblins
  3 quokkas
  7 ball pythons
  7 bats
  3 frilled lizards
  8 kobolds
  5 rats
63 creatures vanquished.

Table legend:
 A = Non-vault XP
 B = Vault XP
 C = Vault XP percentage of total XP
 D = Non-vault monster count
 E = Vault monster count
 F = Vault count percentage of total count
                 A         B        C        D         E       F
            +---------+---------+-------+---------+---------+-------
      Total |     252 |      11 |   4.2 |      56 |       7 |  11.1
            +---------+---------+-------+---------+---------+-------
        D:1 |      25 |       9 |  26.5 |      16 |       6 |  27.3
        D:2 |      20 |       2 |   9.1 |      13 |       1 |   7.1
        D:3 |      93 |       0 |   0.0 |      19 |       0 |   0.0
        D:4 |     114 |       0 |   0.0 |       8 |       0 |   0.0
            +---------+---------+-------+---------+---------+-------

Skill      XL: |  1  2  3  4  5 |
---------------+----------------+-----
Long Blades    | 4 5 6 |  6.1
Fighting       | |  2.0
Throwing       | |  1.7
Dodging        | |  2.6

Action                     |  1- 3 |  4- 6 || total
---------------------------+-------+-------++-------
  Melee: Long sword        |    86 |    66 ||   152
         Dagger            |    75 |    62 ||   137
    Use: Scroll            |       |     7 ||     7
         Potion            |       |     4 ||     4
 Armour: Leather armour    |    10 |       ||    10
         Ring mail         |    47 |    36 ||    83
         Skin              |       |    19 ||    19
  Dodge: Dodged            |    70 |    30 ||   100

Illustrated notes

Table legend:
 A = Kills in this place as a percentage of kills in the entire game.
 B = Kills by you in this place as a percentage of kills by you in the entire game.
 C = Kills by friends in this place as a percentage of kills by friends in the entire game.
 D = Other kills in this place as a percentage of other kills in the entire game.
 E = Experience gained in this place as a percentage of experience gained in the entire game.
 F = Experience gained in this place divided by the number of levels of this place that you have seen.
                   A       B       C       D       E      F
               +-------+-------+-------+-------+-------+----------------------
         Total | 100.0 | 100.0 |   N/A |   N/A | 100.0 |  65.8
       Dungeon | 100.0 | 100.0 |   N/A |   N/A | 100.0 |  65.8
               +-------+-------+-------+-------+-------+----------------------

Table legend: (Time is in decaauts)
 A = Elapsed time spent in this place.
 B = Non-inter-level travel time spent in this place.
 C = Inter-level travel time spent in this place.
 D = Time resting spent in this place.
 E = Time spent auto-exploring this place.
 F = Levels seen in this place.
 G = Mean time per level.
                   A        B        C        D        E       F      G
               +--------+--------+--------+--------+--------+-----+--------+
         Total |   2886 |   2814 |     72 |    245 |   2112 |   4 |  721.5 |
       Dungeon |   2886 |   2814 |     72 |    245 |   2112 |   4 |  721.5 |
               +--------+--------+--------+--------+--------+-----+--------+

Top non-repeatable levels by time:
     D:1: 1107 daAuts
     D:3: 766 daAuts
     D:2: 602 daAuts
     D:4: 410 daAuts
